 Dungeon Crawl Stone Soup version 0.19.1 (webtiles) character file.

128 Qew7 the Insei (level 4, -1/35 HPs)
             Began as a Demonspawn Monk on Dec 20, 2016.
             Was a Follower of Ru.
             Slain by Crazy Yiuf
             ... wielding a +2 quarterstaff of chaos
              (3 damage)
             ... on level 2 of the Dungeon.
             The game lasted 00:08:39 (1877 turns).

Qew7 the Insei (Demonspawn Monk)                    Turns: 1877, Time: 00:08:40

Health: -1/35      AC:  4    Str: 12    XL:     4   Next: 87%
Magic:  0/4        EV: 14    Int: 11    God:    Ru [*.....]
Gold:   125        SH:  0    Dex: 16    Spells: 0 memorised, 3 levels left

rFire  . . .     SeeInvis .       - Unarmed
rCold  . . .     Gourm    .     a - +0 robe
rNeg   . . .     Faith    .     (no shield)
rPois  .         Spirit   +     (helmet restricted)
rElec  .         Reflect  .     (no cloak)
rCorr  .         Harm     .     (no gloves)
MR     .....                    (no boots)
Stlth  ++........               e - amulet of regeneration
                                (no ring)
                                (no ring)

@: very slightly contaminated, invisible
A: horns 1, thin metallic scales 1, magic shield, no charms magic, no necromancy
magic, no poison magic
a: Renounce Religion


You were on level 2 of the Dungeon.
You worshipped Ru.
Ru was aware of your devotion.
You were not hungry.

You visited 1 branch of the dungeon, and saw 2 of its levels.

You collected 125 gold pieces.

Inventory:

Hand Weapons
 f - a cursed -1 short sword
Armour
 a - a +0 robe (worn)
Jewellery
 c - an uncursed amulet of faith
 e - an amulet of regeneration (around neck)
 g - an uncursed amulet of rage
Scrolls
 h - a scroll of noise
 k - a scroll of immolation
Potions
 b - a potion of lignification {unknown}
 i - 2 potions of haste {unknown}
 n - a potion of brilliance {unknown}
Comestibles
 d - a meat ration
 j - a bread ration
 l - a slice of pizza
 m - 3 fruits


   Skills:
 + Level 3.4 Fighting
 + Level 3.6 Dodging
 + Level 2.0 Stealth
 + Level 4.1 Unarmed Combat


You had 3 spell levels left.
You didn't know any spells.

Dungeon Overview and Level Annotations

Branches:
Dungeon (2/15)

Altars:
Ashenzari
Ru
Yredelemnul
Zin

Annotations:
D:2 Crazy Yiuf


Innate Abilities, Weirdness & Mutations

You have a pair of small horns on your head.
You are partially covered in thin metallic scales. (AC +2)
When hurt, damage is shared between your health and your magic reserves.
You cannot study or cast Charms magic.
You cannot study or cast Necromancy magic.
You cannot study or cast Poison magic.


Message History

You are very lightly contaminated with residual magic.
You hit Crazy Yiuf.
Crazy Yiuf is almost dead.
Crazy Yiuf hits you with a quarterstaff of chaos!
You convulse!
* * * LOW HITPOINT WARNING * * *
You are too injured to fight recklessly!
You are too injured to fight recklessly!
You hit Crazy Yiuf but do no damage.
Crazy Yiuf is almost dead.
Crazy Yiuf completely misses you.
You hit Crazy Yiuf but do no damage.
Crazy Yiuf is almost dead.
Crazy Yiuf closely misses you.
You hit Crazy Yiuf but do no damage.
Crazy Yiuf is almost dead.
Crazy Yiuf hits you with a quarterstaff of chaos.
* * * LOW HITPOINT WARNING * * *
Crazy Yiuf burns you.
You die...

####♣♣ ##### ##.#..♣♣
♣♣#..)#
#......♣♣♣♣.'@g.#
#.......♣..♣#...#
#.##...♣.♣♣♣##### ###
#.###♣♣♣♣♣ #.# #.# #.#
##### #.########## ###.#
#....
#..........#########...#
#....
#######.##....÷....#.###
#.... #.##########...##
#....


You could see Crazy Yiuf.

Vanquished Creatures
  Natasha (twice) (D:2)
  3 adders (D:2)
  An ooze (D:2)
  A worm (D:2)
  A dart slug (D:1)
  2 leopard geckos
  4 bats
  5 giant cockroaches
  4 goblins
  2 hobgoblins (D:2)
  A quokka (D:2)
  2 frilled lizards
  2 gnoll zombies (D:2)
  7 kobolds
  6 rats
43 creatures vanquished.

Notes
Turn   | Place    | Note
-------+----------+-------------------------------------------
     0 | D:1      | Qew7 the Demonspawn Monk began the quest for the Orb.
     0 | D:1      | Reached XP level 1. HP: 18/18 MP: 1/1
     6 | D:1      | Noticed a soldier ant
     6 | D:1      | Noticed a tyrant leech
     6 | D:1      | Noticed an iguana
     7 | D:1      | Noticed a frost giant
     7 | D:1      | Noticed a hell rat
   114 | D:1      | Reached skill level 3 in Unarmed Combat
   153 | D:1      | Gained mutation: You are partially covered in thin metallic scales. (AC +2) [demonic ancestry]
   153 | D:1      | Reached XP level 2. HP: 20/24 MP: 2/2
   800 | D:2      | Found a shattered altar of Ashenzari.
   805 | D:2      | Gained mutation: When hurt, damage is shared between your health and your magic reserves. [demonic ancestry]
   805 | D:2      | Reached XP level 3. HP: 29/29 MP: 3/3
   824 | D:2      | Found a sacrificial altar of Ru.
  1036 | D:2      | Became a worshipper of Ru the Awakened
  1062 | D:2      | Gained mutation: You cannot study or cast Poison magic. [Ru sacrifice]
  1062 | D:2      | Gained mutation: You cannot study or cast Necromancy magic. [Ru sacrifice]
  1062 | D:2      | Gained mutation: You cannot study or cast Charms magic. [Ru sacrifice]
  1062 | D:2      | Reached * piety under Ru
  1154 | D:2      | Noticed Natasha
  1165 | D:2      | Killed Natasha
  1165 | D:2      | Gained mutation: You have a pair of small horns on your head. [demonic ancestry]
  1165 | D:2      | Reached XP level 4. HP: 10/35 MP: 1/4
  1416 | D:2      | Noticed Natasha
  1420 | D:2      | Found a glowing silver altar of Zin.
  1429 | D:2      | Killed Natasha
  1488 | D:2      | Reached skill level 4 in Unarmed Combat
  1507 | D:2      | Found a basalt altar of Yredelemnul.
  1643 | D:2      | Found a runed door.
  1865 | D:2      | Noticed Crazy Yiuf
  1877 | D:2      | Slain by Crazy Yiuf

Skill      XL: |  1  2  3  4 |
---------------+-------------+-----
Unarmed Combat | 3 4 |  4.1
Dodging        | 3 |  3.6
Stealth        | 2 |  2.0
Fighting       | |  3.4

Action                   |  1- 3 |  4- 6 || total
-------------------------+-------+-------++-------
Melee: Unarmed           |   139 |    53 ||   192
       Punch             |     1 |     2 ||     3
       Headbutt          |       |     6 ||     6
Invok: Sacrifice Arcana  |     1 |       ||     1
  Use: Scroll            |     2 |     1 ||     3
       Potion            |     2 |       ||     2
 Stab: Sleeping          |     3 |     3 ||     6
       Distracted        |       |     1 ||     1
  Eat: Bread ration      |     1 |       ||     1
Armor: Robe              |    19 |     6 ||    25
Dodge: Dodged            |    91 |    33 ||   124
